AoeStats
← KaRaKaPLaN

Fortress

510369442Analyzed
1v1 RM · 21h ago on Sep 30, 2026· 18m 38s· 2 players
Game mode
Random Map
Map size
Small (3 player)
Population
200
Speed
Normal
Resources
Standard
Victory
Conquest
Starting age
Dark Age
Ending age
Imperial Age
RankedLock teamsTeams togetherTeam positionsShared explorationLock speedFull tech treeHidden civsTurbo modeCheats
Victory
Defeat
🇹🇷 Turks · Türkiye
1290
+16
🇺🇸 Danes · United States
1296
-16
KaRaKaPLaN
8:08 Feudal Age
9:53 Loom
12:20 Castle Age
10:30 Loom
10:33 Double-Bit Axe
17:52 Imperial Age
15:30 Padded Archer Armor
Daarth Vader
5:00 Loom
6:45 Feudal Age
11:12 Castle Age
9:39 Scale Mail Armor
Connection lost

Rejoining the realm…

Still unreachable

The connection could not be restored.

Session expired

The server has moved on; the page needs a fresh start.